TOP OF THE 1ST |
---|
Southern California Trojans batting - Pitching for Oregon State Beavers : LHP R.J. Burns | Pitching: LHP R.J. Burns | | Batting: LHB Ryan Harper | 0-0: Ball 1-0: Foul Ball, location: 2F 1-1: Foul Ball, location: 2F 1-2: Ball 2-2: Foul Ball, location: 2F 2-2: Foul Ball, location: 2F 2-2: SINGLE (Groundball, 34D) | Batting: RHB Danny Merrill | 0-0: Called Strike 0-1: Ball 1-1: Called Strike 1-2: DOUBLE (Line Drive, 7) Ryan Harper to third Runner from 3rd tries for Home, SAFE, no throw | Batting: SHB Jason Garvelink | 0-0: Ball 1-0: DOUBLE (Flyball, 8LXD) Danny Merrill scores | Batting: RHB Adam Taylor | 0-0: Ball 1-0: Fly out, F9 (Flyball, 9LSF) | Batting: RHB Jimmy Yarbro | 0-0: Ball 1-0: Ball 2-0: Ball 3-0: Base on Balls | Batting: RHB Kerry Perrault | 0-0: Ball 1-0: Called Strike 1-1: Swinging Strike 1-2: Ball 2-2: Ball 3-2: Foul Ball, location: 2F 3-2: Fly out, F7 (Flyball, 7S) | Batting: RHB Caleb Blanchard | 0-0: Ball 1-0: Ball 2-0: Called Strike 2-1: Foul Ball, location: 2F 2-2: Strikes out swinging | Top of the 1st over - 2 run(s), 3 hit(s), 0 error(s), 2 left on base; Southern California 2 - Oregon State 0 | BOTTOM OF THE 1ST |
---|
Oregon State Beavers batting - Pitching for Southern California Trojans : RHP Jordan Dargan | Pitching: RHP Jordan Dargan | | Batting: LHB Dan Estrada | 0-0: Ball 1-0: Foul Ball, location: 2F 1-1: Ball 2-1: Foul Ball, location: 2F 2-2: Ball 3-2: Ground out 4-3 (Groundball, 34D) | Batting: LHB Frank Palmer | 0-0: Swinging Strike 0-1: Foul Ball, location: 2F 0-2: Reached on error, E4 (Groundball, 4) | Batting: SHB Justin Davids | 0-0: Ball 1-0: Ball 2-0: Ball 3-0: Base on Balls Frank Palmer to second | Batting: RHB Randy Stout | 0-0: Swinging Strike 0-1: Called Strike 0-2: Ball 1-2: Fly out, F8 (Flyball, 8LS) | Batting: SHB Nick McCullough | 0-0: Fly out, F7 (Flyball, 7LMF) | Bottom of the 1st over - 0 run(s), 0 hit(s), 1 error(s), 2 left on base; Southern California 2 - Oregon State 0 | TOP OF THE 2ND |
---|
Southern California Trojans batting - Pitching for Oregon State Beavers : LHP R.J. Burns | Batting: SHB Zach Domonkos | 0-0: Called Strike 0-1: Called Strike 0-2: Ball 1-2: Ball 2-2: Ball 3-2: Base on Balls | Batting: RHB Desmond Brevik | 0-0: Ball 1-0: Ball 2-0: Ball 3-0: Foul Ball, location: 2F 3-1: Base on Balls Zach Domonkos to second | Batting: LHB Ryan Harper | 0-0: SINGLE (Groundball, 56D) Zach Domonkos to third Desmond Brevik to second | Batting: RHB Danny Merrill | 0-0: Ball 1-0: Swinging Strike 1-1: Foul Ball, location: 2F 1-2: DOUBLE (Flyball, 9D) Zach Domonkos scores Desmond Brevik scores Ryan Harper to third | Batting: SHB Jason Garvelink | 0-0: Called Strike 0-1: Swinging Strike 0-2: Ball 1-2: Ball 2-2: Ball 3-2: Base on Balls | Batting: RHB Adam Taylor | 0-0: Ball 1-0: Swinging Strike 1-1: Fielders Choice at 2nd, 3-6 (Groundball, 3) Ryan Harper scores Danny Merrill to third | Batting: RHB Jimmy Yarbro | 0-0: Fly out, F8 (Flyball, 8RS) Runner from 3rd tags up, SCORES, no throw | Pitching: RHP Brian Roberts | | Batting: RHB Kerry Perrault | 0-0: Foul Ball, location: 2F 0-1: Reached on error, E4 (Groundball, 4) Adam Taylor to second | Batting: RHB Caleb Blanchard | 0-0: Called Strike 0-1: Foul Ball, location: 2F 0-2: Fly out, F4 (Popup, 34D) | Top of the 2nd over - 4 run(s), 2 hit(s), 1 error(s), 2 left on base; Southern California 6 - Oregon State 0 | BOTTOM OF THE 2ND |
---|
Oregon State Beavers batting - Pitching for Southern California Trojans : RHP Jordan Dargan | Batting: RHB Nate Maki | 0-0: Ball 1-0: Called Strike 1-1: Swinging Strike 1-2: Foul Ball, location: 2F 1-2: Ball 2-2: Fly out, F3 (Line Drive, 3) | Batting: RHB Tony Mancebo | 0-0: Ball 1-0: Ball 2-0: Ball 3-0: Base on Balls | Batting: SHB Shawn Patton | 0-0: Called Strike 0-1: Ball 1-1: Ball 2-1: Fly out, F7 (Flyball, 7) | Batting: RHB Hector Torrealba | 0-0: Called Strike 0-1: Ball 1-1: Ball 2-1: Swinging Strike 2-2: Ball 3-2: Foul Ball, location: 2F 3-2: Foul Ball, location: 2F 3-2: SINGLE (Groundball, 56D) Tony Mancebo to second Tony Mancebo to third | Batting: LHB Dan Estrada | 0-0: Ball 1-0: Foul Ball, location: 2F 1-1: Ball 2-1: Swinging Strike 2-2: Foul Ball, location: 2F 2-2: Ground out 5-3 (Groundball, 5S) | Bottom of the 2nd over - 0 run(s), 1 hit(s), 0 error(s), 2 left on base; Southern California 6 - Oregon State 0 | TOP OF THE 3RD |
---|
Southern California Trojans batting - Pitching for Oregon State Beavers : RHP Brian Roberts | Batting: SHB Zach Domonkos | 0-0: Ball 1-0: Ball 2-0: Ground out 4-3 (Groundball, 4D) | Batting: RHB Desmond Brevik | 0-0: Called Strike 0-1: Ball 1-1: Fly out, F4 (Flyball, 34D) | Batting: LHB Ryan Harper | 0-0: Ball 1-0: Called Strike 1-1: Ball 2-1: Foul Ball, location: 2F 2-2: Foul Ball, location: 2F 2-2: Strikes out swinging | Top of the 3rd over - 0 run(s), 0 hit(s), 0 error(s), 0 left on base; Southern California 6 - Oregon State 0 | BOTTOM OF THE 3RD |
---|
Oregon State Beavers batting - Pitching for Southern California Trojans : RHP Jordan Dargan | Batting: LHB Frank Palmer | 0-0: Ball 1-0: DOUBLE (Groundball, 5L) | Batting: SHB Justin Davids | 0-0: Ball 1-0: Foul Ball, location: 2F 1-1: Foul Ball, location: 2F 1-2: Strikes out looking | Batting: RHB Randy Stout | 0-0: Ball 1-0: Ball 2-0: Ball 3-0: Base on Balls | Batting: SHB Nick McCullough | 0-0: Called Strike 0-1: Ball 1-1: Called Strike 1-2: Foul Ball, location: 2F 1-2: Ball 2-2: Ball 3-2: Base on Balls Frank Palmer to third Randy Stout to second | Batting: RHB Nate Maki | 0-0: Ball 1-0: Ball 2-0: Grounds into double play, 6-4-3 (Groundball, 6) | Bottom of the 3rd over - 0 run(s), 1 hit(s), 0 error(s), 2 left on base; Southern California 6 - Oregon State 0 | TOP OF THE 4TH |
---|
Southern California Trojans batting - Pitching for Oregon State Beavers : RHP Brian Roberts | Batting: RHB Danny Merrill | 0-0: Ball 1-0: Ground out 1-3 (Groundball, 13) | Batting: SHB Jason Garvelink | 0-0: Called Strike 0-1: Called Strike 0-2: Ball 1-2: Foul Ball, location: 2F 1-2: Ground out 3-1 (Groundball, 34) | Batting: RHB Adam Taylor | 0-0: Fly out, F3 (Popup, 3S) | Top of the 4th over - 0 run(s), 0 hit(s), 0 error(s), 0 left on base; Southern California 6 - Oregon State 0 | BOTTOM OF THE 4TH |
---|
Oregon State Beavers batting - Pitching for Southern California Trojans : RHP Jordan Dargan | Batting: RHB Tony Mancebo | 0-0: Called Strike 0-1: Called Strike 0-2: Fly out, F7 (Line Drive, 7LM) | Batting: SHB Shawn Patton | 0-0: Called Strike 0-1: Foul Ball, location: 2F 0-2: Ground out 6-3 (Groundball, 6M) | Batting: RHB Hector Torrealba | 0-0: Ball 1-0: Ball 2-0: Called Strike 2-1: Foul Ball, location: 2F 2-2: DOUBLE (Line Drive, 9LM) | Batting: LHB Dan Estrada | 0-0: Called Strike 0-1: Foul Ball, location: 2F 0-2: 2-RUN HOME RUN (Flyball, 9D), Distance : 385 ft | Batting: LHB Frank Palmer | 0-0: Called Strike 0-1: Foul Ball, location: 2F 0-2: Ball 1-2: Ball 2-2: Ball 3-2: Foul Ball, location: 2F 3-2: Base on Balls | Pitching: LHP Eric Papp | | Batting: SHB Justin Davids | 0-0: Called Strike 0-1: Fly out, F3 (Popup, 3SF) | Bottom of the 4th over - 2 run(s), 2 hit(s), 0 error(s), 1 left on base; Southern California 6 - Oregon State 2 | TOP OF THE 5TH |
---|
Southern California Trojans batting - Pitching for Oregon State Beavers : RHP Brian Roberts | Batting: RHB Jimmy Yarbro | 0-0: Ball 1-0: Ball 2-0: DOUBLE (Line Drive, 78XD) | Batting: RHB Kerry Perrault | 0-0: Called Strike 0-1: Ball 1-1: Ground out 6-3 (Groundball, 6) | Batting: RHB Caleb Blanchard | 0-0: Ball 1-0: Ball 2-0: Foul Ball, location: 2F 2-1: Foul Ball, location: 2F 2-2: Fly out, F6 (Line Drive, 6M) | Batting: SHB Zach Domonkos | 0-0: Ball 1-0: Foul Ball, location: 2F 1-1: Called Strike 1-2: Strikes out swinging | Top of the 5th over - 0 run(s), 1 hit(s), 0 error(s), 1 left on base; Southern California 6 - Oregon State 2 | BOTTOM OF THE 5TH |
---|
Oregon State Beavers batting - Pitching for Southern California Trojans : LHP Eric Papp | Batting: RHB Randy Stout | 0-0: Ball 1-0: Foul Ball, location: 2F 1-1: Foul Ball, location: 2F 1-2: SINGLE (Line Drive, 5D) | Batting: SHB Nick McCullough | 0-0: Foul Ball, location: 2F 0-1: Grounds into double play, 1-6-3 (Groundball, 13S) | Batting: RHB Nate Maki | 0-0: Ball 1-0: Fly out, F9 (Flyball, 9D) | Bottom of the 5th over - 0 run(s), 1 hit(s), 0 error(s), 0 left on base; Southern California 6 - Oregon State 2 | TOP OF THE 6TH |
---|
Southern California Trojans batting - Pitching for Oregon State Beavers : RHP Brian Roberts | Batting: RHB Desmond Brevik | 0-0: Foul Ball, location: 2F 0-1: Called Strike 0-2: Foul Ball, location: 2F 0-2: Strikes out swinging | Batting: LHB Ryan Harper | 0-0: Ball 1-0: Ball 2-0: Called Strike 2-1: Ball 3-1: TRIPLE (Line Drive, 9D) | Batting: RHB Danny Merrill | 0-0: Foul Ball, location: 2F 0-1: Called Strike 0-2: Ball 1-2: Strikes out looking | Batting: SHB Jason Garvelink | 0-0: Called Strike 0-1: Ball 1-1: SINGLE (Flyball, 7LM) Ryan Harper scores | Batting: RHB Adam Taylor | 0-0: Ball 1-0: Foul Ball, location: 2F 1-1: Ground out 5-3 (Groundball, 56D) | Top of the 6th over - 1 run(s), 2 hit(s), 0 error(s), 1 left on base; Southern California 7 - Oregon State 2 | BOTTOM OF THE 6TH |
---|
Oregon State Beavers batting - Pitching for Southern California Trojans : LHP Eric Papp | Batting: RHB Tony Mancebo | 0-0: Swinging Strike 0-1: Ball 1-1: Ball 2-1: Foul Ball, location: 2F 2-2: Fly out, F7 (Flyball, 7LS) | Batting: SHB Shawn Patton | 0-0: Called Strike 0-1: Foul Ball, location: 2F 0-2: Ball 1-2: SINGLE (Groundball, 3S) (infield hit) | Batting: RHB Hector Torrealba | 0-0: Ball 1-0: Called Strike 1-1: SINGLE (Flyball, 4MD) Shawn Patton to second Runner from 2nd tries for 3rd, SAFE, no throw | Batting: LHB Dan Estrada | 0-0: Foul Ball, location: 2F 0-1: Foul Ball, location: 2F 0-2: Ball 1-2: Ball 2-2: SINGLE (Flyball, 8LS) Shawn Patton scores Hector Torrealba to second | Batting: LHB Frank Palmer | 0-0: Foul Ball, location: 2F 0-1: Called Strike 0-2: Ball 1-2: Ball 2-2: Ball 3-2: Base on Balls Hector Torrealba to third Dan Estrada to second | Batting: SHB Justin Davids | 0-0: Called Strike 0-1: SINGLE (Groundball, 56D) Hector Torrealba scores Dan Estrada to third Frank Palmer to second Runner from 3rd tries for Home, SAFE, no throw | Pitching: RHP Cameron Wilkins | | Batting: RHB Randy Stout | 0-0: Called Strike 0-1: Ball 1-1: Foul Ball, location: 2F 1-2: Ground out 5-3 (Groundball, 56S) Frank Palmer to third Justin Davids to second | Batting: SHB Nick McCullough | 0-0: Foul Ball, location: 2F 0-1: Swinging Strike 0-2: Ball 1-2: Foul Ball, location: 2F 1-2: Strikes out swinging | Bottom of the 6th over - 3 run(s), 4 hit(s), 0 error(s), 2 left on base; Southern California 7 - Oregon State 5 | TOP OF THE 7TH |
---|
Southern California Trojans batting - Pitching for Oregon State Beavers : RHP Brian Roberts | Pitching: RHP Nick Walsh | | Batting: RHB Jimmy Yarbro | 0-0: Ball 1-0: Ball 2-0: Fly out, F4 (Popup, 4) | Batting: RHB Kerry Perrault | 0-0: Called Strike 0-1: Swinging Strike 0-2: Ball 1-2: Foul Ball, location: 2F 1-2: Foul Ball, location: 2F 1-2: Strikes out swinging | Batting: RHB Caleb Blanchard | 0-0: Foul Ball, location: 2F 0-1: Ball 1-1: Ball 2-1: Ball 3-1: Base on Balls | Batting: SHB Zach Domonkos | 0-0: Called Strike 0-1: Called Strike 0-2: Strikes out swinging | Top of the 7th over - 0 run(s), 0 hit(s), 0 error(s), 1 left on base; Southern California 7 - Oregon State 5 | BOTTOM OF THE 7TH |
---|
Oregon State Beavers batting - Pitching for Southern California Trojans : RHP Cameron Wilkins | Batting: RHB Nate Maki | 0-0: Foul Ball, location: 2F 0-1: Ball 1-1: Ball 2-1: Called Strike 2-2: Foul Ball, location: 2F 2-2: Ground out 4-3 (Groundball, 4M) | Batting: RHB Tony Mancebo | 0-0: Called Strike 0-1: Ground out U3 (Groundball, 34S) | Batting: SHB Shawn Patton | 0-0: Ball 1-0: Ball 2-0: Ball 3-0: Base on Balls | Batting: RHB Hector Torrealba | 0-0: Called Strike 0-1: Foul Ball, location: 2F 0-2: Foul Ball, location: 2F 0-2: DOUBLE (Line Drive, 7LD) Shawn Patton to third Shawn Patton scores | Batting: LHB Dan Estrada | 0-0: Ground out 6-3 (Groundball, 6) | Bottom of the 7th over - 1 run(s), 1 hit(s), 0 error(s), 1 left on base; Southern California 7 - Oregon State 6 | TOP OF THE 8TH |
---|
Southern California Trojans batting - Pitching for Oregon State Beavers : RHP Nick Walsh | Batting: RHB Desmond Brevik | 0-0: Ball 1-0: Fly out, F7 (Line Drive, 7) | Batting: LHB Ryan Harper | 0-0: Ball 1-0: Ball 2-0: Called Strike 2-1: Foul Ball, location: 2F 2-2: Ball 3-2: Base on Balls | Pinch Hitting: LHB Josh Armour | 0-0: Foul Ball, location: 2F 0-1: Swinging Strike 0-2: Ball 1-2: Ball 2-2: Strikes out looking | Batting: SHB Jason Garvelink | 0-0: Ball 1-0: Ground out 5-3 (Groundball, 56S) | Top of the 8th over - 0 run(s), 0 hit(s), 0 error(s), 1 left on base; Southern California 7 - Oregon State 6 | BOTTOM OF THE 8TH |
---|
Oregon State Beavers batting - Pitching for Southern California Trojans : RHP Cameron Wilkins | Now at 2B: Brian Hardgrave | | Batting: LHB Frank Palmer | 0-0: Ball 1-0: Foul Ball, location: 2F 1-1: Fly out, F8 (Flyball, 89D) | Batting: SHB Justin Davids | 0-0: Ball 1-0: Ball 2-0: SOLO HOME RUN (Flyball, 9D), Distance : 387 ft | Pitching: LHP Tim Underwood | | Batting: RHB Randy Stout | 0-0: Ball 1-0: Ground out 6-3 (Groundball, 6) | Batting: SHB Nick McCullough | 0-0: Foul Ball, location: 2F 0-1: Fly out, F7 (Flyball, 7D) | Bottom of the 8th over - 1 run(s), 1 hit(s), 0 error(s), 0 left on base; Southern California 7 - Oregon State 7 | TOP OF THE 9TH |
---|
Southern California Trojans batting - Pitching for Oregon State Beavers : RHP Nick Walsh | Pitching: RHP Umar McKinley | | Batting: RHB Adam Taylor | 0-0: Called Strike 0-1: Ball 1-1: Ball 2-1: Called Strike 2-2: SINGLE (Flyball, 78S) | Batting: RHB Jimmy Yarbro | 0-0: Ball 1-0: Called Strike 1-1: Foul Ball, location: 2F 1-2: Ball 2-2: Grounds into double play, 5-4-3 (Groundball, 5) | Batting: RHB Kerry Perrault | 0-0: Swinging Strike 0-1: Called Strike 0-2: Strikes out swinging, 2-3 out at first. | Top of the 9th over - 0 run(s), 1 hit(s), 0 error(s), 0 left on base; Southern California 7 - Oregon State 7 | BOTTOM OF THE 9TH |
---|
Oregon State Beavers batting - Pitching for Southern California Trojans : LHP Tim Underwood | Batting: RHB Nate Maki | 0-0: Called Strike 0-1: Foul Ball, location: 2F 0-2: Ball 1-2: Ball 2-2: Foul Ball, location: 2F 2-2: Strikes out swinging | Batting: RHB Tony Mancebo | 0-0: Ground out 4-3 (Groundball, 4) | Pinch Hitting: SHB Steve McNamara | 0-0: Ball 1-0: Swinging Strike 1-1: Called Strike 1-2: Ball 2-2: Strikes out swinging | Bottom of the 9th over - 0 run(s), 0 hit(s), 0 error(s), 0 left on base; Southern California 7 - Oregon State 7 | TOP OF THE 10TH |
---|
Southern California Trojans batting - Pitching for Oregon State Beavers : RHP Umar McKinley | Now at 3B: Steve McNamara | | Batting: RHB Caleb Blanchard | 0-0: Ball 1-0: Ball 2-0: Foul Ball, location: 2F 2-1: Swinging Strike 2-2: Ball 3-2: Foul Ball, location: 2F 3-2: Strikes out swinging | Batting: SHB Zach Domonkos | 0-0: Ball 1-0: Fly out, F8 (Line Drive, 78M) | Batting: RHB Desmond Brevik | 0-0: Called Strike 0-1: Ball 1-1: Swinging Strike 1-2: Foul Ball, location: 2F 1-2: Ball 2-2: Strikes out swinging | Top of the 10th over - 0 run(s), 0 hit(s), 0 error(s), 0 left on base; Southern California 7 - Oregon State 7 | BOTTOM OF THE 10TH |
---|
Oregon State Beavers batting - Pitching for Southern California Trojans : LHP Tim Underwood | Batting: RHB Hector Torrealba | 0-0: Called Strike 0-1: Ball 1-1: Ball 2-1: Foul Ball, location: 2F 2-2: Foul Ball, location: 2F 2-2: Ball 3-2: Base on Balls | Pinch Hitting: RHB Alex Garza | 0-0: Ball 1-0: Swinging Strike 1-1: Called Strike 1-2: Fly out, F8 (Flyball, 8LM) | Batting: LHB Frank Palmer | 0-0: Ball Hector Torrealba steals 2nd base 1-0: Called Strike 1-1: Foul Ball, location: 2F 1-2: Strikes out looking | Pinch Hitting: RHB Tony Galvan | 0-0: Ball 1-0: Ball 2-0: Ball 3-0: Base on Balls | Batting: RHB Randy Stout | 0-0: Called Strike 0-1: Fly out, F7 (Flyball, 78M) | Bottom of the 10th over - 0 run(s), 0 hit(s), 0 error(s), 2 left on base; Southern California 7 - Oregon State 7 | TOP OF THE 11TH |
---|
Southern California Trojans batting - Pitching for Oregon State Beavers : RHP Umar McKinley | Pitching: RHP Pat Jude | | Now at 1B: Richard Terrell | | Now at SS: Tony Galvan | | Batting: LHB Ryan Harper | 0-0: Foul Ball, location: 2F 0-1: Swinging Strike 0-2: Ball 1-2: Ball 2-2: Foul Ball, location: 2F 2-2: Ball 3-2: SINGLE (Groundball, 6D) | Batting: RHB Brian Hardgrave | 0-0: Ball 1-0: Bunted foul 1-1: Sac Bunt - play at first, batter OUT! 3-4 Ryan Harper to second | Batting: SHB Jason Garvelink | 0-0: Intentional Walk | Batting: RHB Adam Taylor | 0-0: Ball 1-0: SINGLE (Line Drive, 4MD) Ryan Harper to third Jason Garvelink to second Runner from 3rd tries for Home, SAFE, no throw | Batting: RHB Jimmy Yarbro | 0-0: Ball 1-0: Fly out, F8 (Flyball, 8RM) | Batting: RHB Kerry Perrault | 0-0: Ball 1-0: Called Strike 1-1: Ball 2-1: Foul Ball, location: 2F 2-2: Ball 3-2: Foul Ball, location: 2F 3-2: Base on Balls Jason Garvelink to third Adam Taylor to second | Batting: RHB Caleb Blanchard | 0-0: Ball 1-0: Swinging Strike 1-1: Foul Ball, location: 2F 1-2: Foul Ball, location: 2F 1-2: Ball 2-2: Strikes out looking | Top of the 11th over - 1 run(s), 2 hit(s), 0 error(s), 3 left on base; Southern California 8 - Oregon State 7 | BOTTOM OF THE 11TH |
---|
Oregon State Beavers batting - Pitching for Southern California Trojans : LHP Tim Underwood | Pitching: RHP Shane Devereaux | | Batting: SHB Nick McCullough | 0-0: Ball 1-0: Ball 2-0: Fly out, F7 (Flyball, 7LM) | Batting: RHB Nate Maki | 0-0: DOUBLE (Flyball, 89D) | Batting: RHB Tony Mancebo | 0-0: Ball 1-0: Ball 2-0: Called Strike 2-1: Ball 3-1: Base on Balls | Batting: SHB Steve McNamara | 0-0: Ball 1-0: Called Strike 1-1: Swinging Strike 1-2: Hit by Pitch Nate Maki to third Tony Mancebo to second | Batting: RHB Hector Torrealba | 0-0: Called Strike 0-1: Swinging Strike 0-2: Ball 1-2: Strikes out swinging | Pinch Hitting: SHB Tyler Kremer | 0-0: Called Strike 0-1: Called Strike 0-2: Strikes out looking | Bottom of the 11th over - 0 run(s), 1 hit(s), 0 error(s), 3 left on base; Southern California 8 - Oregon State 7 | |